Map: Cerulean Fall LE

Players

Revenant - Winner!

  • Race: Zerg Zerg
  • League: Diamond
  • Spawn Location: 1:00

Jice

  • Race: Protoss Protoss
  • League: Diamond
  • Spawn Location: 7:00

VOD

Have the link to the VOD?

Description

Time

  • Played on: Sept. 11, 2018, 9:08 p.m.
  • Length: 11:25
Show
View Real Time Build Order
Export as new Build Order

Revenant Zerg - Winner!

Build Orders: Pool First 

Get SALT Encoding   

  12  0:01  Drone  
  13  0:07  Drone  
  14  0:17  Overlord  
  14  0:36  Drone x3  
  17  0:46  Spawning Pool  
  17  0:49  Extractor  
  15  0:51  Drone  
  16  0:58  Drone  
  17  1:24  Hatchery  
  16  1:33  Zergling x6  
  19  1:41  Queen  
  21  1:47  Drone  
  22  2:03  Roach Warren  
  22  2:08  Spine Crawler  
  20  2:12  Zergling x2  
  21  2:19  Overlord  
  21  2:44  Roach x3  
  27  2:46  Roach  
  29  2:52  Roach  
  33  2:58  Roach  
  33  3:07  Roach  
  35  3:19  Spine Crawler  
  34  3:22  Drone  
  34  3:23  Drone  
  36  3:34  Overlord  
  36  3:49  Overlord x2  
  36  3:53  Roach  
  38  3:59  Roach  
  40  4:04  Roach  
  42  4:12  Roach  
  44  4:18  Roach  
  44  4:21  Roach  
  45  4:40  Roach x2  
  44  4:59  Roach x3  
  50  5:04  Roach  
  52  5:07  Zergling x4  
  52  5:09  Zergling x2  
  55  5:17  Roach  
  55  5:19  Drone  
  56  5:23  Drone  
  53  5:29  Drone  
  53  5:31  Drone  
  51  5:44  Drone  
  51  5:45  Drone  
  50  5:52  Drone  
  50  5:53  Drone  
  50  6:01  Drone, Queen  
  53  6:05  Drone, Spore Crawler  
  53  6:07  Extractor  
  52  6:14  Drone x2  
  52  6:15  Drone x2  
  56  6:24  Drone  
  57  6:26  Drone, Extractor  
  57  6:29  Drone, Extractor  
  57  6:33  Lair  
  57  6:38  Drone  
  58  6:41  Drone x2  
  60  6:51  Metabolic Boost  
  60  7:00  Overlord  
  60  7:01  Overlord  
  60  7:11  Overlord x2  
  60  7:23  Drone x3  
  60  7:24  Drone x4  
  59  7:56  Roach  
  59  7:57  Roach x5  
  67  8:03  Zergling x10  
  67  8:05  Drone  
  69  8:11  Drone x2  
  69  8:17  Roach x2  
  73  8:25  Roach  
  73  8:26  Roach  
  73  8:31  Spire  
  70  8:34  Zergling x2  
  70  8:36  Zergling x2  
  70  8:38  Zergling x2  
  70  8:40  Hatchery  
  70  8:41  Glial Reconstitution  
  72  8:44  Drone  
  72  8:46  Zergling x2  
  72  8:47  Zergling x2  
  75  8:50  Zergling x2  
  75  9:01  Roach  
  75  9:02  Roach  
  77  9:03  Roach  
  77  9:04  Roach x2  
  77  9:08  Roach  
  82  9:12  Roach  
  82  9:14  Roach  
  83  9:22  Zergling x2  
  83  9:23  Overlord  
  84  9:57  Overlord  
  84  9:58  Mutalisk x5, Overlord x3  
  94  10:00  Mutalisk x2  
  94  10:02  Overlord  
  98  10:17  Mutalisk, Overlord x2  
  98  10:18  Mutalisk  
  98  10:20  Mutalisk  
  104  10:24  Mutalisk  
  104  10:27  Mutalisk  
  107  10:31  Mutalisk  
  107  10:34  Zergling x2  
  110  10:37  Zergling x2  
  110  10:39  Mutalisk  
  110  10:42  Zergling x2  
  114  10:47  Zergling x6  
  117  10:51  Zergling x4  
  119  10:59  Zergling x4  
  119  11:02  Zergling x2  
  116  11:07  Zergling x6  
Show
View Real Time Build Order
Export as new Build Order

Jice Protoss 

Build Orders:  

Get SALT Encoding   

  1  0:00  Probe  
  12  0:05  Probe  
  14  0:18  Pylon  
  14  0:23  Probe  
  15  0:38  Forge  
  15  0:59  Pylon  
  15  1:21  Photon Cannon  
  15  1:22  Gateway  
  16  1:32  Probe  
  16  1:37  Assimilator  
  16  1:43  Probe  
  17  1:50  Assimilator  
  17  1:51  Photon Cannon, Probe  
  18  2:04  Photon Cannon  
  18  2:09  Cybernetics Core  
  18  2:11  Probe  
  19  2:20  Assimilator  
  19  2:30  Pylon  
  19  2:33  Probe  
  20  2:45  Probe  
  20  2:50  Adept  
  23  2:52  Shield Battery  
  23  3:05  Robotics Facility  
  23  3:11  Probe  
  24  3:17  Shield Battery  
  24  3:27  Shield Battery  
  24  3:31  Pylon  
  24  3:42  Photon Cannon  
  24  3:48  Immortal  
  28  4:13  Shield Battery  
  28  4:17  Photon Cannon  
  28  4:27  Gateway  
  26  4:33  Pylon  
  25  5:01  Gateway  
  25  5:22  Probe  
  24  5:30  Probe  
  24  5:52  Gateway  
  24  5:56  Cybernetics Core  
  24  6:06  Probe  
  25  6:15  Probe  
  25  6:24  Probe  
  27  6:32  Stalker  
  27  6:33  Warp Gate  
  27  6:39  Robotics Facility  
  29  6:42  Pylon  
  29  6:43  Stalker  
  31  6:55  Pylon  
  31  7:00  Probe  
  34  7:14  Stalker  
  36  7:29  Immortal  
  38  7:41  Gateway  
  38  7:43  Gateway  
  34  7:47  Stalker  
  36  7:56  Pylon  
  36  8:16  Immortal  
  40  8:36  Stalker  
  40  8:38  Adept  
  44  8:41  Adept  
  46  8:58  Warp Prism  
  38  9:20  Stalker x3  
  44  9:42  Pylon  
  44  9:44  Sentry  
  46  9:53  Pylon  
  46  10:00  Sentry  
  46  10:01  Sentry  
  50  10:07  Sentry, Immortal  
  56  10:18  Pylon  
  56  10:24  Adept x2  
  60  10:32  Adept  
  62  10:45  Adept  
  64  10:51  Adept  
  48  11:13  Stalker  
  38  11:19  Stalker  
Tags
 
Add a new tag
Caveats
  • Supply blocks, unpowered buildings, or Contaminate may cause inaccurate times.
  • Supply counts are checked every 10 seconds.